[Event "Early-Titled-Tuesday-Blitz-June-18-2024"]
[Site "Chess.com"]
[Date "2024.06.18"]
[Round "4"]
[White "slidingknight2775"]
[Black "topce"]
[Result "0-1"]
[WhiteElo "2683"]
[BlackElo "2518"]
[TimeControl "180+1"]
[EndTime "8:41:51 PDT"]
[Termination "topce won by checkmate"]

1. d4 e6 2. c4 Nf6 3. Nc3 c5 4. d5 d6 5. Nf3 g6 6. e4 exd5 7. cxd5 Bg7 8. Be2 O-O 9. Be3 Ng4 10. Bg5 Qb6 11. Rb1 h6 12. Bd2 Qd8 13. O-O a6 14. a4 Nd7 15. Qc1 Kh7 16. b4 cxb4 17. Rxb4 Nc5 18. h3 Nf6 19. Be3 Bd7 20. e5 Ne8 21.
Bxc5 dxc5 22. Rxb7 Bc8 23. Rb1 Nc7 24. Bc4 Bf5 25. Rb3 Rb8 26. Rxb8 Qxb8 27. d6 Ne6 28. g4 Nd4 29. Nxd4 cxd4 30. gxf5 dxc3 31. f6 Bxf6 32. exf6 Qxd6 33. Qxc3 Rc8 34. Qd3 Qxf6 35. Bxa6 Rc3 36. Qd5 Kg7 37. Bd3 Qf4 38. Qe4 Qd6 39. Rd1 h5 40. Qe2 Qf4 41. Qe3 Qf6 42. Kg2 Ra3 43. Qe4 h4 44. Qf3 Qg5+ 45. Kh1 Rxa4 46. Be2 Rf4 47.
Qe3 Qf6 48. Rg1 Rxf2 49. Bf1 Rxf1 50. Qe2 Rf2 51. Qe3 Qc6+ 52. Rg2 Qxg2# 0-1

[Event "Early-Titled-Tuesday-Blitz-June-18-2024"]
[Site "Chess.com"]
[Date "2024.06.18"]
[Round "4"]
[White "BashiqChess"]
[Black "shirovin"]
[Result "0-1"]
[WhiteElo "2446"]
[BlackElo "2111"]
[TimeControl "180+1"]
[EndTime "8:41:51 PDT"]
[Termination "shirovin won by checkmate"]

1. Nf3 f5 2. Nc3 d5 3. d4 Nf6 4. Bf4 g6 5. e3 Bg7 6. Bd3 O-O 7. Ne2 c5 8. dxc5 Nbd7 9. Ne5 Nxc5 10. O-O Bd7 11.
c4 Nxd3 12. Qxd3 Be6 13. c5 Ne4 14. Nd4 Bc8 15. c6 g5 16. c7 Qe8 17. Bg3 Nxg3 18.
fxg3 Bxe5 19. Nxf5 Bxf5 20. Rxf5 Bxb2 21. Rxg5+ Bg7 22. Qxd5+ Qf7 23. Qc5 Kh8 24. Qc1 Bxa1 25. Qxa1+ Qf6 26. Qxf6+ exf6 27. Rd5 Rac8 28. Rd7 Kg8 29.
Kf2 a5 30. Kf3 b5 31. Ke4 a4 32. Kd5 b4 33. Kc6 b3 34. axb3 axb3 35. Rd3 b2 36. Rb3 Rf7 37. Rxb2 Rfxc7+ 38. Kd6 Rc2 39. Rb7 Rxg2 40.
Ke6 Rf2 41. h4 Re8+ 42. Kd5 Rxe3 43. Rb4 Rd2+ 44. Kc5 Rxg3 45. Rf4 Kf7 46. h5 Rc3+ 47. Kb4 Rc1 48. Rf3 Rb2+ 49. Ka3 Rb8 50. Ka2 Rc7 51. Ra3 Rcb7 52. Ra6 Rb2+ 53. Ka1 R2b5 54. h6 Rh5 55. Ra7+ Kg6 56. Rg7+ Kxh6 57. Rg1 Ra5# 0-1

[Event "Early-Titled-Tuesday-Blitz-June-18-2024"]
[Site "Chess.com"]
[Date "2024.06.18"]
[Round "4"]
[White "GHANDEEVAM2003"]
[Black "Lion-Al-Messi"]
[Result "1-0"]
[WhiteElo "2994"]
[BlackElo "2628"]
[TimeControl "180+1"]
[EndTime "8:41:52 PDT"]
[Termination "GHANDEEVAM2003 won by checkmate"]

1. b3 e5 2. Bb2 Nc6 3. e3 Nf6 4. Nf3 Bd6 5. Na3 e4 6. Ng5 Be5 7. Bxe5 Nxe5 8. f4 exf3 9. Nxf3 Nxf3+ 10. Qxf3 d5 11. Bd3 Bg4 12. Qf4 c6 13. O-O O-O 14. h3 Bh5 15. Qh4 Bg6 16. Bxg6 hxg6 17. c3 Qd6 18. Nc2 Ne4 19. Qe1 Ng3 20. Rf3 Ne4 21. d3 Ng5 22. Rg3 Qe5 23. Nd4 Rae8 24. Qf2 c5 25.
Ne2 f6 26. Rf1 Re7 27. Nf4 Qf5 28. h4 Ref7 29. c4 dxc4 30. bxc4 Ne6 31. Qe2 Nxf4 32. Rxf4 Qh5 33. Qxh5 gxh5 34. Rf5 Rd8 35. e4 b6 36. Rxh5 Rfd7 37. Rd5 Rxd5 38. exd5 Re8 39. Kf2 Kf7 40. Re3 Rh8 41. g3 Rh5 42. d6 Rh8 43. Re7+ Kg6 44.
Rxa7 Rd8 45. d7 Kf5 46. Kf3 Ke5 47. Ke3 f5 48. Rb7 Kd6 49. Rxb6+ Kxd7 50. Rb7+ Ke6 51. Rxg7 Ra8 52. Rg6+ Ke5 53. Rc6 Ra5 54. h5 Rxa2 55. Rxc5+ Kf6 56. Rc6+ Kg5 57. h6 Rg2 58. Kf3 Rd2 59.
Rd6 Rh2 60. c5 Rc2 61. c6 Rc3 62. h7 f4 63. gxf4+ Kf5 64. h8=Q Rxc6 65. Qe5# 1-0

[Event "Early-Titled-Tuesday-Blitz-June-18-2024"]
[Site "Chess.com"]
[Date "2024.06.18"]
[Round "4"]
[White "twofoxniel"]
[Black "Rile-Man"]
[Result "0-1"]
[WhiteElo "2682"]
[BlackElo "2524"]
[TimeControl "180+1"]
[EndTime "8:41:53 PDT"]
[Termination "Rile-Man won by checkmate"]

1. e4 Nc6 2. Nf3 d6 3. Nc3 Nf6 4. Bc4 g6 5. d3 Bg7 6. h3 O-O 7. O-O a6 8. Re1 Na5 9. Bb3 Nxb3 10. axb3 e5 11. Bg5 h6 12. Bh4 g5 13. Bg3 Nh5 14.
Bh2 Nf4 15. d4 exd4 16. Nxd4 Qf6 17. Nde2 Nxe2+ 18. Rxe2 Be6 19. e5 dxe5 20. Bxe5 Qg6 21. Bxc7 g4 22. h4 Rac8 23. Be5 g3 24. Bxg7 Qxg7 25.
fxg3 Bg4 26. Qc1 Rxc3 27. bxc3 Bxe2 28. Qe3 Bb5 29. Rd1 Re8 30. Qf4 Qxc3 31. Kh2 Qg7 32. Rd6 Re6 33. Rd8+ Kh7 34. c4 Bc6 35. Rd2 Qf6 36.
Qg4 Qg6 37. Qf4 Re4 38. Qc7 Re3 39. Rf2 Kg7 40. b4 h5 41. Qf4 Re4 42. Qc1 Rg4 43. Qc3+ Kh7 44. Rf6 Rxh4+ 45. Kg1 Qb1+ 46. Kf2 Qa2+ 47.
Ke3 Re4+ 48. Kd3 Qe2# 0-1

[Event "Early-Titled-Tuesday-Blitz-June-18-2024"]
[Site "Chess.com"]
[Date "2024.06.18"]
[Round "4"]
[White "secrethawk1"]
[Black "koncheto"]
[Result "0-1"]
[WhiteElo "2417"]
[BlackElo "2640"]
[TimeControl "180+1"]
[EndTime "8:41:55 PDT"]
[Termination "koncheto won by resignation"]

1. d4 Nf6 2. Bf4 e6 3. e3 c5 4.
c3 d5 5. Nd2 Bd6 6. Bxd6 Qxd6 7. Ngf3 Nbd7 8. Bd3 O-O 9. O-O e5 10. dxe5 Nxe5 11. Nxe5 Qxe5 12. Nf3 Qe7 13. c4 Be6 14. Qc2 Rad8 15. Rad1 b6 16. Ng5 h6 17. Nxe6 Qxe6 18. cxd5 Nxd5 19. Bc4 Nb4 20. Qb3 Qf6 21. a3 Nc6 22.
Bd5 Ne5 23. Qa4 Qe7 24. Qe4 Kh8 25. Bb3 Qf6 26. f4 Ng4 27. Qf3 Qxb2 28. Rxd8 Rxd8 29. Bxf7 Nf6 30. e4 Qd4+ 31. Kh1 Nxe4 32. Qe2 Nf6 33. h3 Qe4 34. Qa6 Qe7 35. Bc4 Ne4 36. Kh2 Nd2 37.
Rf2 Qe3 38. Rf1 Nxf1+ 39. Bxf1 Qxf4+ 40. Kg1 Qe3+ 41. Kh2 Qf4+ 42. Kg1 Rd1 43. Qc8+ Kh7 44. Qa6 Qxf1+ 45. Qxf1 Rxf1+ 46. Kxf1 Kg6 47. Ke2 Kf5 48.
Kd2 Ke5 49. Kc3 Kf4 50. Kc4 Kg3 51. Kb5 Kxg2 52. Ka6 c4 53. Kxa7 c3 54. Kxb6 c2 55.
a4 c1=Q 56. a5 Qa3 57. a6 Kxh3 58. Ka7 Kg4 59. Kb7 Qxa6+ 60. Kxa6 h5 61. Ka7 h4 0-1

[Event "Early-Titled-Tuesday-Blitz-June-18-2024"]
[Site "Chess.com"]
[Date "2024.06.18"]
[Round "4"]
[White "harkerchess"]
[Black "LeoLV10"]
[Result "0-1"]
[WhiteElo "2359"]
[BlackElo "2548"]
[TimeControl "180+1"]
[EndTime "8:41:55 PDT"]
[Termination "LeoLV10 won by resignation"]

1. d4 Nf6 2. Bg5 Ne4 3. Bf4 d5 4. Nd2 Nxd2 5. Qxd2 c6 6. e3 Bf5 7.
Bd3 Bxd3 8. Qxd3 Nd7 9. Nf3 e6 10. O-O Be7 11. c4 O-O 12. c5 Re8 13. b4 a6 14. a4 f6 15. b5 e5 16. bxc6 bxc6 17. dxe5 fxe5 18. Nxe5 Nxe5 19. Bxe5 Bxc5 20. Bxg7 Bxe3 21.
fxe3 Kxg7 22. Qc3+ Kg8 23. Rf3 Re6 24. Raf1 Qe7 25. Qd3 Rg6 26. Qf5 Re8 27. Qh3 Qe6 28. Qh5 Rh6 29. Rg3+ Kh8 30. Qf3 Rg6 31. Rh3 Kg8 32. Qh5 Re7 33. Qe2 Re8 34. Qxa6 Qxh3 35. g3 Qe6 36. Re1 d4 37. e4 c5 38. Qa7 Qb6 39. Qd7 Qc6 40. Qf5 Qxa4 41. Qd5+ Rge6 42.
Qxc5 Qd7 43. e5 d3 44. Rd1 Rxe5 45. Qc4+ Qd5 46. Qg4+ Rg5 47. Rxd3 Qc5+ 48. Qd4 Qxd4+ 49. Rxd4 Re1+ 50. Kf2 Ra1 51. Rd8+ Kg7 52. Rd7+ Kh6 53.
Rd6+ Rg6 54. Rd2 Rga6 55. Rd5 R6a2+ 56. Kf3 Rf1+ 57. Kg4 Ra4+ 58. Kh3 Rf6 59. Rd2 Kg6 60. Rb2 h5 61. Rb3 Ra2 62. Re3 Rff2 63. g4 Rxh2+ 64. Kg3 h4+ 65. Kf4 Ra4+ 66. Kf3 Rh3+ 0-1

[Event "Early-Titled-Tuesday-Blitz-June-18-2024"]
[Site "Chess.com"]
[Date "2024.06.18"]
[Round "4"]
[White "Roedor"]
[Black "KononenkoD"]
[Result "1-0"]
[WhiteElo "2417"]
[BlackElo "2606"]
[TimeControl "180+1"]
[EndTime "8:41:56 PDT"]
[Termination "Roedor won on time"]

1. d4 Nf6 2. c4 c5 3. e3 g6 4.
Nf3 Bg7 5. Nc3 O-O 6. Be2 cxd4 7. exd4 d5 8. O-O dxc4 9. Bxc4 Nc6 10. Be3 Bg4 11. Be2 Rc8 12. h3 Bf5 13. Ne5 Ne4 14. Nxc6 Rxc6 15. Rc1 a6 16. Bf3 Nxc3 17. bxc3 Rc7 18.
c4 b5 19. c5 e5 20. d5 e4 21.
Bg4 Bxg4 22. hxg4 Be5 23. g3 Qf6 24. d6 Rc6 25. Qd5 Rfc8 26. Qxe4 Qe6 27. Rfd1 Bf6 28. Qxe6 fxe6 29. g5 Bd8 30. Kg2 Kf7 31. Kf3 e5 32. Ke4 Ke6 33. Rh1 a5 34. Rxh7 b4 35. Rg7 a4 36.
Rxg6+ Kf7 37. Rh6 b3 38. axb3 axb3 39. Rh7+ Kg6 40. Rb7 Bxg5 41. Bxg5 Kxg5 42. d7 Rd8 43. Kd5 Rf6 44. c6 Rxf2 45. Rxb3 Rd2+ 46. Ke6 Rf8 47.
c7 Rf6+ 48. Kxe5 Rf5+ 49. Ke4 Rff2 50. d8=Q+ Kg4 51. Qxd2 Rxd2 52. c8=Q+ Kg5 53. Rc5+ Kf6 54. Rb6+ Ke7 55. Rc7+ Rd7 56. Qxd7+ 1-0

[Event "Early-Titled-Tuesday-Blitz-June-18-2024"]
[Site "Chess.com"]
[Date "2024.06.18"]
[Round "4"]
[White "EvgenyBurmakin"]
[Black "Korchmar_Vasiliy"]
[Result "0-1"]
[WhiteElo "2393"]
[BlackElo "2661"]
[TimeControl "180+1"]
[EndTime "8:41:57 PDT"]
[Termination "Korchmar_Vasiliy won by checkmate"]

1. e4 e5 2. Nf3 Nf6 3. Nxe5 d6 4. Nf3 Nxe4 5. d4 d5 6. Bd3 Be7 7. O-O O-O 8. c4 Bg4 9. Nc3 Nxc3 10. bxc3 dxc4 11.
Bxc4 Nd7 12. Re1 Bd6 13. Qd3 h6 14. Bb3 Nc5 15. Qe3 Nxb3 16. axb3 Re8 17. Qxe8+ Qxe8 18. Rxe8+ Rxe8 19. Be3 a6 20. Nd2 c6 21. Nc4 Bc7 22. Na5 Bc8 23. b4 f5 24. Re1 Kf7 25. Bd2 Rxe1+ 26.
Bxe1 Ke6 27. c4 f4 28. Kf1 Kf5 29. Ke2 Ke4 30. Bc3 f3+ 31. gxf3+ Kf5 32. h3 g6 33. Kd3 h5 34. Bd2 h4 35. d5 cxd5 36. cxd5 Ke5 37.
Kc4 Bxa5 38. bxa5 Bxh3 39. Kc5 Bc8 40. Kb6 h3 41. Bc3+ Kxd5 42. Kc7 Bf5 43. Kxb7 h2 44. Kxa6 h1=Q 45. Kb7 Bd3 46. a6 Bxa6+ 47. Kxa6 Qxf3 48.
Ba5 Qxf2 49. Bb6 Qf3 50. Kb7 g5 51. Kc7 g4 52. Ba7 g3 53. Bb6 g2 54. Kb7 Qf1 55.
Kc7 g1=Q 56. Ba7 Qxa7+ 57. Kc8 Qf8# 0-1

[Event "Early-Titled-Tuesday-Blitz-June-18-2024"]
[Site "Chess.com"]
[Date "2024.06.18"]
[Round "4"]
[White "Cxrjs"]
[Black "SaraBlackPanther"]
[Result "0-1"]
[WhiteElo "2516"]
[BlackElo "2713"]
[TimeControl "180+1"]
[EndTime "8:41:58 PDT"]
[Termination "SaraBlackPanther won on time"]

1. e4 c5 2. Nf3 g6 3. d4 cxd4 4.
Nxd4 Bg7 5. c4 Nc6 6. Be3 Qb6 7. Nb5 Qa5+ 8. N5c3 Nf6 9. Nd2 O-O 10. Be2 d6 11. O-O Nd7 12. Nb3 Qd8 13. Rc1 a5 14.
Na4 Rb8 15. Qd2 b6 16. Rfd1 Nc5 17. Nbxc5 bxc5 18. b3 Be6 19. Nc3 Nd4 20. Bf1 f5 21. exf5 gxf5 22. Bh6 Bxh6 23. Qxh6 Rf6 24. Qh4 Rg6 25.
Rxd4 cxd4 26. Qxd4 Bf7 27. Re1 e5 28. Qd3 Qg5 29. Nd5 Kh8 30. Qc3 Bxd5 31. cxd5 Rbg8 32. Qxa5 e4 33. Qc3+ Qf6 34. Qxf6+ Rxf6 35. a4 Rc8 36.
Bc4 Kg7 37. a5 Rf7 38. a6 Kf6 39. Ra1 Ra7 40. f4 h5 41. Kf2 h4 42. g3 hxg3+ 43. hxg3 Rh8 44. Ra4 Rh2+ 45. Kg1 Rc2 46. Rb4 e3 47.
Rb7 Ra8 48. Rd7 Re8 49. Rxd6+ Kf7 50. Rd7+ Kf8 51. d6 Rxc4 52. bxc4 e2 0-1

[Event "Early-Titled-Tuesday-Blitz-June-18-2024"]
[Site "Chess.com"]
[Date "2024.06.18"]
[Round "4"]
[White "ningyzhou"]
[Black "RamonManon0g"]
[Result "1-0"]
[WhiteElo "2145"]
[BlackElo "2446"]
[TimeControl "180+1"]
[EndTime "8:41:58 PDT"]
[Termination "ningyzhou won on time"]

1. e4 c5 2. Nf3 d6 3. d4 cxd4 4. Nxd4 Nf6 5. Nc3 a6 6. Bg5 e6 7.
Qf3 Be7 8. O-O-O Qc7 9. Qg3 Nbd7 10. f4 b5 11. Bd3 h6 12. Bxf6 Bxf6 13. Nce2 Nc5 14. Kb1 Bb7 15. Qe3 O-O 16. g4 Nxd3 17. cxd3 e5 18. Nf5 exf4 19. Nxf4 Qc5 20. d4 Qb6 21. h4 Rfe8 22. Ng3 Rac8 23. Nfh5 Bd8 24. g5 hxg5 25. hxg5 d5 26. e5 Qg6+ 27. Ka1 Bxg5 28.
Qf2 Rc2 29. Qf5 Rec8 30. Rhe1 Rh2 31. Rh1 Rg2 32. Rdg1 Rcc2 33. Rxg2 Rxg2 34. Rf1 Be3 35. a3 Bxd4 36. Nf4 Bxb2+ 37. Kb1 Qxf5+ 38. Nxf5 Bxa3 39. Nxg2 d4 40. Ne1 Be4+ 41. Ka2 Bb4 42. Ng3 Bd5+ 43. Kb1 Bc4 44. Rh1 d3 45. Ne4 Bd5 46.
Nxd3 Bxe4 47. Rd1 Bc3 48. Kc2 Bxe5 49. Kd2 1-0

[Event "Early-Titled-Tuesday-Blitz-June-18-2024"]
[Site "Chess.com"]
[Date "2024.06.18"]
[Round "4"]
[White "sokidze"]
[Black "MagnusCarlsen"]
[Result "0-1"]
[WhiteElo "2785"]
[BlackElo "3182"]
[TimeControl "180+1"]
[EndTime "8:41:59 PDT"]
[Termination "MagnusCarlsen won on time"]

1. d4 a5 2. e4 d6 3. Nc3 g6 4. g3 Bg7 5. Bg2 Nf6 6. Nge2 O-O 7. O-O e5 8. h3 Na6 9. Bg5 c6 10. Qd2 b5 11. Rfd1 Qc7 12. a3 Re8 13. dxe5 dxe5 14. Qe3 Be6 15. Nc1 Nd7 16. Nd3 f6 17. Bh6 Bxh6 18.
Qxh6 Ndc5 19. Nxc5 Nxc5 20. Qe3 Nd7 21. h4 Rad8 22.
Kh2 Qb6 23. Rxd7 Qxe3 24. Rxd8 Qxf2 25. Rxe8+ Kf7 26. Rh8 Kg7 27. Re8 Kf7 28. Rb8 Qxc2 29. Rb7+ Ke8 30. Rd1 Bg4 31. Rf1 Qxb2 32. Na4 Qd4 33.
Nb6 Qd6 34. Rxh7 f5 35. Nc8 Qxa3 36. exf5 gxf5 37. Re1 e4 38. Bxe4 fxe4 39. Rxe4+ Kd8 40. Rxg4 Qa2+ 41. Kh3 Kxc8 42. Re4 Kd8 43. Rd4+ Ke8 44. Re4+ Kf8 45. Rd7 Qb1 46. Rf4+ Ke8 47. Ra7 a4 48.
h5 b4 49. Kh4 a3 50. h6 a2 51.
h7 a1=Q 52. h8=Q+ Qxh8+ 0-1

[Event "Early-Titled-Tuesday-Blitz-June-18-2024"]
[Site "Chess.com"]
[Date "2024.06.18"]
[Round "4"]
[White "Abund"]
[Black "GiorgianBarbosa"]
[Result "1-0"]
[WhiteElo "2731"]
[BlackElo "2504"]
[TimeControl "180+1"]
[EndTime "8:41:59 PDT"]
[Termination "Abund won by resignation"]

1. e4 c5 2. Nf3 g6 3. c3 Bg7 4. d4 cxd4 5. cxd4 d5 6. e5 Bg4 7.
Bb5+ Nd7 8. O-O e6 9. Nbd2 Ne7 10. h3 Bxf3 11. Nxf3 O-O 12. Bg5 a6 13. Bxd7 Qxd7 14.
Bxe7 Qxe7 15. Qb3 Rfc8 16. Rac1 Bh6 17. Rc3 Rxc3 18. bxc3 Rc8 19. a4 Qd7 20. Rb1 b5 21.
axb5 axb5 22. Qa3 Rc4 23. Rb3 Qc6 24. g3 Bf8 25. Qb2 b4 26. cxb4 Rc1+ 27. Kg2 Qc4 28. Nd2 Qc8 29. Nf1 Rc2 30. Qb1 Bh6 31. b5 Rc1 32. Qd3 Ra1 33. b6 Qb7 34. Qc3 Ra8 35. Qc7 Rb8 36. Nh2 Bf8 37. Ng4 Be7 38. Rf3 Qxc7 39.
bxc7 Rc8 40. Nh6+ Kg7 41. Rxf7+ Kxh6 42. Rxe7 g5 43. Rxe6+ Kg7 44. Re7+ Kg6 45. Rd7 h5 46. g4 hxg4 47. hxg4 Kh6 48. Kg3 Kg6 49. f3 Kh6 50. Kf2 Kg6 51. Ke3 Kh6 52. Kd3 Kg6 53. Kc3 Kh6 54. Kb4 Kg6 55. Kc5 Kh6 56. Kxd5 Kg6 57. Kc6 Kh6 58. d5 Rg8 59. d6 Rg6 60. c8=Q Rxd6+ 61. Rxd6+ 1-0

[Event "Early-Titled-Tuesday-Blitz-June-18-2024"]
[Site "Chess.com"]
[Date "2024.06.18"]
[Round "4"]
[White "elizabethcastaneda"]
[Black "dealshark"]
[Result "0-1"]
[WhiteElo "2021"]
[BlackElo "2455"]
[TimeControl "180+1"]
[EndTime "8:41:59 PDT"]
[Termination "dealshark won on time"]

1. e4 c5 2. Nf3 d6 3. d4 cxd4 4. Nxd4 Nf6 5. Nc3 a6 6. Be3 e5 7. Nb3 Be7 8. f3 O-O 9. Qd2 b5 10. g4 b4 11. Na4 Nc6 12. Nb6 Rb8 13. g5 Nd7 14. Nd5 a5 15. h4 a4 16. Nc1 f5 17.
Bc4 Kh8 18. g6 f4 19. Bf2 h6 20. Ne2 Nf6 21. Nxe7 Qxe7 22. Rd1 Rd8 23. c3 Be6 24.
Bd5 Bxd5 25. exd5 bxc3 26. Nxc3 Nb4 27. a3 Na6 28. h5 e4 29. Bh4 exf3+ 30. Kf2 Ng4+ 31.
Kxf3 Ne5+ 32. Kg2 f3+ 33. Kf1 Qd7 34. Bxd8 Rxd8 35. Ne4 Rf8 36. Qa5 Qg4 37. Nf2 Qg2+ 38. Ke1 Re8 39. Qb5 Nd7+ 40. Kd2 Qxf2+ 41. Kc1 Rc8+ 42.
Kb1 Qc2+ 43. Ka1 Ndc5 44. Rc1 Nb3+ 45. Ka2 Nxc1+ 46. Rxc1 Qxc1 0-1

[Event "Early-Titled-Tuesday-Blitz-June-18-2024"]
[Site "Chess.com"]
[Date "2024.06.18"]
[Round "4"]
[White "Sargsyan_Shant"]
[Black "js20000"]
[Result "1-0"]
[WhiteElo "2967"]
[BlackElo "2788"]
[TimeControl "180+1"]
[EndTime "8:42:00 PDT"]
[Termination "Sargsyan_Shant won by resignation"]

1. c4 e6 2. g3 d5 3. Bg2 Nf6 4. Nf3 h6 5. O-O Bd6 6. b3 O-O 7. Bb2 Nc6 8. d4 a5 9. Nc3 Bd7 10. Rc1 Re8 11. e3 a4 12. c5 a3 13. Bxa3 Rxa3 14.
cxd6 cxd6 15. Nb5 Rxa2 16. Nxd6 Re7 17. Nxb7 Qb6 18. Nc5 Be8 19. Ne1 Rea7 20. Ned3 Nb4 21. Nxb4 Qxb4 22. Nd3 Qb8 23. Rc3 Bb5 24. Qc1 Ra8 25. Rd1 Bxd3 26. Rcxd3 Ng4 27. Rf1 Nxf2 28. Rc3 Ng4 29. Qe1 Nf6 30. Bf3 Qd6 31. Qc1 e5 32.
Rc8+ Kh7 33. Rc6 Qe7 34. Rc7 Qe6 35. dxe5 Qxe5 36. Rxf7 Ra1 37. Qc2+ Kg8 38. Qg6 Rxf1+ 39. Kxf1 Ra1+ 40. Kg2 Ra2+ 41. Be2 Qe4+ 42. Qxe4 Nxe4 43. Rf2 Nxf2 44. Kxf2 Rb2 45. Kf3 Rxb3 46. h4 d4 47.
Bc4+ Kh7 48. Bxb3 dxe3 49. Bc2+ g6 50. Kxe3 Kg7 51. Kf4 Kf6 52. g4 g5+ 53. hxg5+ hxg5+ 54. Ke4 1-0

[Event "Early-Titled-Tuesday-Blitz-June-18-2024"]
[Site "Chess.com"]
[Date "2024.06.18"]
[Round "4"]
[White "ATM622"]
[Black "Dolphin_2010"]
[Result "0-1"]
[WhiteElo "2544"]
[BlackElo "2744"]
[TimeControl "180+1"]
[EndTime "8:42:01 PDT"]
[Termination "Dolphin_2010 won by resignation"]

1. d4 d5 2. c4 c6 3. Nf3 Nf6 4. Nbd2 Bf5 5. Nh4 Be4 6. e3 e6 7. Be2 Nbd7 8. b3 Bd6 9. Bb2 a6 10. Nhf3 O-O 11. O-O Bxf3 12. Nxf3 Qe7 13. Qc2 Ba3 14.
Rfd1 Bxb2 15. Qxb2 Rfd8 16. Rac1 Rac8 17. a4 Qb4 18. Ne1 Ne4 19. Nd3 Qe7 20. c5 Re8 21. b4 e5 22. dxe5 Nxe5 23. Nxe5 Qxe5 24. Qxe5 Rxe5 25.
f3 Nf6 26. Kf2 Rce8 27. Rc3 g5 28. Rd4 Kg7 29. b5 axb5 30. axb5 Ra8 31. bxc6 bxc6 32. Rd2 Ra5 33. Rdc2 Rf5 34. h3 Ne4+ 35. Ke1 Nxc3 36. Rxc3 Re5 37. Kf2 Ra2 38. Rd3 Rc2 39. Kf1 Rxc5 40. Rb3 Rc1+ 41. Kf2 Rc2 42. Kf1 c5 43. Ke1 c4 44. Ra3 d4 45. Kd1 d3 46. Bxd3 cxd3 47.
Rxd3 Rxg2 48. Ke1 Ra5 49. Kf1 Rc2 50. Rd1 Raa2 51. Rb1 Rh2 52. Kg1 Rag2+ 53. Kf1 Rh1+ 54. Kxg2 Rxb1 55. Kg3 Rb4 56. e4 Kg6 57. Kg4 f5+ 0-1

[Event "Early-Titled-Tuesday-Blitz-June-18-2024"]
[Site "Chess.com"]
[Date "2024.06.18"]
[Round "4"]
[White "Agustin_Meza"]
[Black "AlexanderKing"]
[Result "0-1"]
[WhiteElo "2235"]
[BlackElo "2522"]
[TimeControl "180+1"]
[EndTime "8:42:01 PDT"]
[Termination "AlexanderKing won on time"]

1. e4 e5 2. Nf3 Nc6 3. Bb5 a6 4. Ba4 Nf6 5. O-O Nxe4 6. d4 b5 7.
Bb3 d5 8. dxe5 Be6 9. c3 Be7 10. Nbd2 O-O 11. Bc2 Nxd2 12. Qxd2 Qd7 13. Qf4 f6 14.
exf6 Rxf6 15. Qg3 h6 16. Bf4 Raf8 17. Ne5 Nxe5 18. Bxe5 Bd6 19. Bxd6 cxd6 20. Rae1 d4 21. cxd4 Bc4 22. Bb3 d5 23. Bxc4 dxc4 24. Qe5 Rd6 25.
Rd1 Rd8 26. h3 Kh8 27. d5 Rxd5 28. Rxd5 Qxd5 29. Qc7 Qd2 30. Qb6 Rd6 31. Qb8+ Kh7 32. Qa8 Rg6 33. Qe4 Qxb2 34. h4 h5 35. Qf5 Kh6 36.
Qf4+ Kh7 37. Qf5 Qe2 38. f3 Qe3+ 39. Kh1 Qh6 40. Qh3 Qf4 41. Kg1 Qd4+ 42. Kh1 Qf4 43. Qe6 Qxh4+ 44. Qh3 Qxh3+ 45. gxh3 c3 46. Rc1 b4 47. Rc2 a5 48. f4 a4 49. f5 Rc6 50.
Re2 c2 51. f6 gxf6 52. Re7+ Kg6 53. Re4 c1=Q+ 0-1

[Event "Early-Titled-Tuesday-Blitz-June-18-2024"]
[Site "Chess.com"]
[Date "2024.06.18"]
[Round "4"]
[White "BardArtem"]
[Black "FARIZA2018"]
[Result "1-0"]
[WhiteElo "2834"]
[BlackElo "2596"]
[TimeControl "180+1"]
[EndTime "8:42:03 PDT"]
[Termination "BardArtem won by resignation"]

1. e4 e5 2. Nf3 Nc6 3. Nc3 Nf6 4. a4 d5 5. Bb5 d4 6. Ne2 Bd6 7. Bxc6+ bxc6 8. d3 O-O 9. O-O Bg4 10. Ng3 h6 11. h3 Be6 12. b3 Kh7 13. Nh2 Qd7 14.
f4 exf4 15. Bxf4 Bxf4 16. Rxf4 Qe7 17. Qf3 Nd7 18. Rf1 Ne5 19. Qf2 c5 20. Nf5 Bxf5 21. Rxf5 Kg8 22. Qg3 Rae8 23. Ng4 Nxg4 24. Qxg4 a5 25.
Rf6 Kh8 26. Rc6 Qe5 27. Rf5 Qe7 28. Rfxc5 Rc8 29. Qf4 Kg8 30. Rxa5 Qb4 31. Rac5 Qe1+ 32. Kh2 Qb4 33. Rc4 Qe7 34. Rxc7 Rxc7 35. Rxc7 Qb4 36.
Rc4 Qb6 37. Qc7 Qf6 38. a5 Qf2 39. b4 f5 40. exf5 Rxf5 41. Qg3 Qd2 42. a6 Rg5 43. Qf3 Rxg2+ 44. Qxg2 Qf4+ 45. Kg1 Qc1+ 46. Kf2 Qd2+ 47.
Kg3 Qg5+ 48. Kh2 Qf4+ 49. Qg3 Qd2+ 50. Kg1 Qc1+ 51. Kg2 Qd2+ 52. Qf2 Qg5+ 53. Kf1 Qc1+ 54. Ke2 Qa1 55. Rc8+ Kh7 56. Qf5+ 1-0

[Event "Early-Titled-Tuesday-Blitz-June-18-2024"]
[Site "Chess.com"]
[Date "2024.06.18"]
[Round "4"]
[White "Predatoru"]
[Black "micke12a"]
[Result "1-0"]
[WhiteElo "2563"]
[BlackElo "2389"]
[TimeControl "180+1"]
[EndTime "8:42:03 PDT"]
[Termination "Predatoru won by resignation"]

1. b3 Nf6 2. Bb2 g6 3. c4 c5 4.
g3 Bg7 5. Bg2 O-O 6. Nf3 Nc6 7.
O-O d6 8. d4 Ne4 9. Nbd2 Nxd2 10. Qxd2 cxd4 11. Nxd4 Bd7 12. Nb5 a6 13. Bxg7 Kxg7 14.
Nc3 Rb8 15. Rfc1 b5 16. cxb5 axb5 17. Nxb5 Rxb5 18. Bxc6 Bxc6 19. Rxc6 Qa8 20. Qc3+ Kg8 21. Rc7 Qe4 22. Qd3 Qxd3 23. exd3 Ra8 24. Rxe7 Rxb3 25. Re8+ Rxe8 26. axb3 Re2 27. Ra6 d5 28. Ra5 Rb2 29.
Rb5 Kg7 30. Kg2 Kf6 31. Kf3 Ke5 32. Ke3 g5 33. f4+ gxf4+ 34. gxf4+ Ke6 35. Kd4 Rxh2 36. Rxd5 Rh4 37. Re5+ Kd6 38. Ke4 Rh1 39. b4 h5 40.
b5 h4 41. Rh5 h3 42. Kf5 Rb1 43. Rxh3 Rxb5+ 44. Kf6 Rb7 45. Rh7 Rb3 46. Rxf7 Rxd3 47. Rf8 Kd7 48. f5 Rg3 49. Kf7 Rg4 50. Ra8 Rg3 51. Ra1 Kd6 52. f6 Rf3 53. Rd1+ Ke5 54. Ke7 Ra3 55. f7 Ra7+ 56. Rd7 Ra6 57. f8=Q Re6+ 58.
Kd8 1-0

[Event "Early-Titled-Tuesday-Blitz-June-18-2024"]
[Site "Chess.com"]
[Date "2024.06.18"]
[Round "4"]
[White "carloseduar100"]
[Black "UK_23"]
[Result "0-1"]
[WhiteElo "2249"]
[BlackElo "2395"]
[TimeControl "180+1"]
[EndTime "8:42:03 PDT"]
[Termination "UK_23 won by checkmate"]

1. d4 Nf6 2. Bg5 Ne4 3. h4 c5 4. d5 Qb6 5. Nd2 Nxg5 6. hxg5 g6 7. e4 Bg7 8. Rb1 d6 9. Ngf3 Bg4 10. Rh4 Bxf3 11. Qxf3 Nd7 12. Qh3 h5 13. gxh6 Bf6 14.
Rf4 O-O-O 15. a4 Kb8 16. Bb5 Ne5 17. Nf3 a6 18. Be2 g5 19. Nxe5 Bxe5 20. Rxf7 Qb4+ 21.
Kf1 Qxe4 22. Bd3 Qxd5 23. Rxe7 Qa2 24. c3 Qxa4 25. h7 Qf4 26. Qf3 Qxf3 27. gxf3 Ka7 28. c4 Rde8 29. Rd7 Rd8 30. Re7 Rde8 31. Rd7 Kb6 32. Be4 Rb8 33. b3 a5 34. Rd1 Rhf8 35. R1xd6+ Bxd6 36. Rxd6+ Kc7 37. Rd5 b6 38. Rxg5 Rh8 39.
Rg7+ Kd6 40. Bd5 Ke5 41. Re7+ Kd4 42. Ke2 Kc3 43. Rg7 Kxb3 44. Rg8 Rbxg8 45. hxg8=Q Rxg8 46. Bxg8 a4 47. Bh7 Kb2 48. f4 a3 49. f5 a2 50.
f6 a1=Q 51. f7 Qa8 52. Bg6 Qf8 53. Kd3 Qd6+ 54. Ke2 Kc3 55. f4 Kxc4 56. Kf3 Kd4 57. f5 Ke5 58. Kg4 Qe7 59. Kh5 c4 60. Kh6 Kf6 61.
Kh7 Qf8 62. Bh5 Qg7# 0-1

[Event "Early-Titled-Tuesday-Blitz-June-18-2024"]
[Site "Chess.com"]
[Date "2024.06.18"]
[Round "4"]
[White "rollercoaster29"]
[Black "Niteshch"]
[Result "1-0"]
[WhiteElo "2513"]
[BlackElo "2315"]
[TimeControl "180+1"]
[EndTime "8:42:04 PDT"]
[Termination "rollercoaster29 won by resignation"]

1. e4 c5 2. Nf3 Nc6 3. Bb5 e6 4. Bxc6 bxc6 5. O-O Ne7 6. b3 Ng6 7. Bb2 f6 8. e5 Be7 9. Re1 O-O 10. d3 fxe5 11.
Nxe5 Bf6 12. Nd2 Nf4 13. Ndf3 d6 14. Nc4 e5 15. Ne3 d5 16. c4 e4 17. Bxf6 Qxf6 18. dxe4 dxe4 19. Nd2 Nh3+ 20. gxh3 Qxf2+ 21. Kh1 Bxh3 22. Nxe4 Qf4 23. Ng3 Rad8 24. Qc2 Qf3+ 25. Kg1 h5 26. Qe4 Qxe4 27. Nxe4 Rfe8 28. Ng3 h4 29. Ngf5 g6 30.
Nxh4 Kg7 31. Nf3 Re4 32. Ng5 Rh4 33. Nxh3 Rxh3 34. Kg2 Rh5 35. Nf1 Rd3 36. Re3 Rg5+ 37.
Kf2 Rf5+ 38. Ke2 Rd7 39. Re1 Rdf7 40. Ng3 Rf2+ 41. Kd3 Rxh2 42. Re7 Rxa2 43. Rxf7+ Kxf7 44. Rf1+ Kg7 45. Ne4 Rb2 46. Kc3 Re2 47. Nxc5 a5 48. Nb7 Re3+ 49. Kb2 a4 50. bxa4 Rd3 51. Nc5 Rd4 52.
Ne6+ Kh6 53. Nxd4 g5 54. Nxc6 Kg6 55. Ne5+ 1-0